 Dungeon Crawl Stone Soup version 0.22-a0-392-g5dc3fd9 (webtiles) character file.

1740 Falco the Skirmisher (level 9, 0/89 HPs)
             Began as an Ogre Hunter on May 1, 2018.
             Killed by divine providence
             ... invoked by an orc priest
              (7 damage)
             ... on level 7 of the Dungeon on May 2, 2018.
             The game lasted 00:52:29 (7577 turns).

Falco the Skirmisher (Ogre Hunter)                  Turns: 7577, Time: 00:52:29

Health: 0/89       AC: 16    Str: 18 (19) XL:     9   Next: 5%
Magic:  9/9        EV: 11    Int: 14      God:    Xom [.*....]
Gold:   174        SH:  0    Dex: 16      Spells: 8/8 levels left

rFire    + + .     SeeInvis .   y - +2 dagger (holy)
rCold    . . .     Gourm    .   (no shield)
rNeg     + . .     Faith    +   v - +1 pearl dragon scales
rPois    .         Spirit   .   (helmet restricted)
rElec    .         Reflect  .   (no cloak)
rCorr    .         Harm     .   (gloves unavailable)
MR       .....     Clarity  +   (boots unavailable) Stlth +.........Rnd*Tele +
                                r - amulet of Nommodar {Faith rF+ Int+2 Dex+3}
HPRegen  0.24/turn              o - ring of teleportation (curse)
MPRegen  0.11/turn              w - ring of protection from fire

@: drained
A: large, unfitting armour, horns 1, repulsion field 1, thin skeletal structure
1, yellow scales 1, blink, blurry vision 2, clarity, tough skin 2
a: Blink, Renounce Religion


You were on level 7 of the Dungeon.
You worshipped Xom.
You were a plaything of Xom.
You were not hungry.

You visited 1 branch of the dungeon, and saw 7 of its levels.

You collected 350 gold pieces.
You spent 176 gold pieces at shops.

Inventory:

Hand Weapons
 a - a +0 short sword
 g - a +0 hand axe
 p - a +2 vampiric dagger
 x - a +0 dagger of venom
 y - a +2 dagger of holy wrath (weapon)
 A - a +0 dire flail of holy wrath
Missiles
 j - 192 stones (quivered)
Armour
 b - a +0 robe
 v - +1 pearl dragon scales (worn)
Jewellery
 o - a cursed ring of teleportation (left hand)
 r - the amulet of Nommodar (around neck) {Faith rF+ Int+2 Dex+3}
   (You took it off an orc on level 5 of the Dungeon)

   [amulet of faith]

   It allows you to gain divine favour quickly.
   It affects your intelligence (+2).
   It affects your dexterity (+3).
   It protects you from fire.
 t - an uncursed amulet of faith
 w - a ring of protection from fire (right hand)
 C - an uncursed amulet of regeneration {unknown}
Scrolls
 i - 2 scrolls of enchant armour
 l - 2 scrolls of remove curse
 m - 2 scrolls of amnesia {unknown}
 n - 2 scrolls of immolation {unknown}
 q - 2 scrolls of fog {unknown}
 s - a scroll of fear {unknown}
 u - 2 scrolls of noise {unknown}
 z - 2 scrolls of magic mapping
 B - a scroll of random uselessness {unknown}
Potions
 e - a potion of cancellation
 k - a potion of lignification
Comestibles
 f - a ration


   Skills:
 + Level 5.8(5.7) Fighting
 + Level 5.2(5.1) Short Blades
 + Level 3.0 Axes
 + Level 5.6(5.5) Throwing
 + Level 3.9(3.8) Armour
 + Level 4.0(3.9) Dodging
 + Level 2.2(2.1) Stealth


You had 8 spell levels left.
You didn't know any spells.

Dungeon Overview and Level Annotations

Branches:
Dungeon (7/15)             Temple (0/1) D:6

Altars:
Ashenzari
Fedhas
Qazlal
Sif Muna
Xom
Zin

Shops:
D:4 !

Annotations:
D:7 Menkaure


Innate Abilities, Weirdness & Mutations

You are too large for most types of armour.
You have very tough skin. (AC +2)
You have a pair of small horns on your head.
You are surrounded by a mild repulsion field. (EV +2)
You have a somewhat thin skeletal structure. (Dex +2, Stealth)
You are partially covered in yellow scales. (AC +2)
You can translocate small distances at will.
Scrolls take you longer to read.
You possess an exceptional clarity of mind.


Message History

You swap places with the gnoll.
The gnoll looks rather confused.
The gnoll shaman hits you with a whip.
* * * LOW HITPOINT WARNING * * *
The gnoll shaman hits you but does no damage.
You feel sick.
You are no longer poisoned.
A hungry ghost comes into view.
Found 10 stones.
Found 32 stones. "Feel my power!"
The hippogriff is outlined in light.
The gnoll shaman is outlined in light.
You are too injured to fight recklessly!
Xom's attention turns to you for a moment.
Rocks fall onto you out of nowhere!
An orc and an orc priest come into view.
The orc shouts!
The orc priest shouts!
The orc priest mumbles some strange prayers to Beogh against you.
Beogh smites you!
You die...
Xom laughs nastily!

*******#..(.# #.......#,**,,**,*,
#....# #.......#,,*,,**,*,
########....###.......##,*,,,,,*,
.......W................,*,*****,
##...#####+#H..........o,,,* *,
.....# *,#...........o,,,*****,
#....# *,#............,,,,,,,,,
#....# *,#...g........,,,******
#....# *,#....@.......,,>,,,,,,
#....# *,####+########*,,*****,
#....# *,* *,,,,,,,,,,,,* *,
#,,,,* *,***************,* *,
#,,,,* *,,,,,,,,,,,,,* *,* *,
#,,,,* *************,* *,* *,
#,**** *,* *,* *, *,* *,* *,* *,
*,* *,* *,* *,


You could see a hippogriff, a gnoll shaman, an orc priest and an orc.

Vanquished Creatures
  Edmund (D:6)
  Duvessa (D:6)
  A phantom (D:5)
  2 ogres
  A centaur (D:6)
  A big kobold (D:6)
  A bullfrog (D:6)
  Dowan (D:6)
  A howler monkey (D:5)
  2 crimson imps
  4 hounds
  4 jellies
  3 orc wizards
  4 iguanas
  4 worker ants
  A killer bee zombie (D:6)
  A hound skeleton (D:5)
  2 gnolls (D:7)
  2 adders
  2 shadow imps
  An ooze (D:2)
  A worm (D:4)
  2 dart slugs (D:1)
  5 leopard geckos
  19 orcs
  3 giant cockroaches
  7 goblins
  5 hobgoblins (D:2)
  4 jackals (D:1)
  8 kobolds
  4 quokkas
  2 ball pythons
  4 bats
  4 frilled lizards
  A leopard gecko skeleton (D:4)
  2 rats
111 creatures vanquished.

Vanquished Creatures (collateral kills)
  A human (D:5)
  Natasha (D:2)
  3 worker ants (D:5)
  A giant cockroach (D:5)
6 creatures vanquished.

Grand Total: 117 creatures vanquished

Notes
Turn   | Place    | Note
-------+----------+-------------------------------------------
     0 | D:1      | Falco the Ogre Hunter began the quest for the Orb.
     0 | D:1      | Reached XP level 1. HP: 22/22 MP: 1/1
   389 | D:1      | Reached XP level 2. HP: 25/29 MP: 2/2
  1210 | D:2      | Found a shimmering altar of Xom.
  1213 | D:2      | Became a worshipper of Xom of Chaos
  1457 | D:2      | Reached XP level 3. HP: 31/36 MP: 3/3
  1613 | D:2      | Reached skill level 1 in Short Blades
  2083 | D:2      | XOM: cloud trail
  2222 | D:2      | Found a glowing silver altar of Zin.
  2231 | D:2      | Noticed Natasha
  2236 | D:2      | XOM: summons 3 friendly demons
  2238 | D:2      | Killed Natasha
  2238 | D:2      | Reached XP level 4. HP: 24/45 MP: 4/4
  2287 | D:2      | XOM: give mutations
  2287 | D:2      | Gained mutation: You are resistant to hostile enchantments. (MR+) [Xom's grace]
  2287 | D:2      | Gained mutation: You possess an exceptional clarity of mind. [Xom's grace]
  2287 | D:2      | Gained mutation: You can translocate small distances at will. [Xom's grace]
  2287 | D:2      | Gained mutation: You have a somewhat thin skeletal structure. (Dex +2, Stealth) [Xom's grace]
  2497 | D:2      | Found a deep blue altar of Sif Muna.
  2541 | D:3      | Reached skill level 1 in Stealth
  2732 | D:3      | XOM: give mutations
  2732 | D:3      | Gained mutation: Your mind is acute. (Int +2) [Xom's grace]
  2732 | D:3      | Gained mutation: You have a pair of small horns on your head. [Xom's grace]
  2732 | D:3      | Gained mutation: You are surrounded by a mild repulsion field. (EV +2) [Xom's grace]
  2732 | D:3      | Gained mutation: You are partially covered in yellow scales. (AC +2) [Xom's grace]
  2826 | D:3      | Found a faded altar of an unknown god.
  2976 | D:3      | XOM is BORED!
  2976 | D:3      | XOM: give mutations
  2976 | D:3      | Gained mutation: You are frail. (-10% HP) [Xom's mischief]
  2976 | D:3      | Lost mutation: Your mind is acute. (Int +2) [Xom's mischief]
  2976 | D:3      | Lost mutation: You are resistant to hostile enchantments. (MR+) [Xom's mischief]
  3069 | D:3      | XOM: scenery: create altars
  3260 | D:4      | XOM: polymorph orc wizard -> worm
  3269 | D:4      | XOM: summons friendly crimson imp
  3307 | D:4      | XOM: medium Hex miscast
  3320 | D:4      | Reached XP level 5. HP: 47/47 MP: 5/5
  3435 | D:4      | Found Femank's Distillery.
  3439 | D:4      | Bought a potion of haste for 110 gold pieces
  3439 | D:4      | Bought a potion of curing for 33 gold pieces
  3439 | D:4      | Bought a potion of curing for 33 gold pieces
  3474 | D:4      | XOM: enchant monster (bad)
  3485 | D:4      | Reached skill level 1 in Axes
  3643 | D:4      | XOM: harmless Conj miscast
  3747 | D:4      | Noticed an ogre
  3751 | D:4      | XOM: confuse monster(s)
  3753 | D:4      | Killed an ogre
  3753 | D:4      | Reached XP level 6. HP: 27/54 MP: 6/6
  3950 | D:4      | Found a blossoming altar of Fedhas.
  3952 | D:4      | XOM: polymorph howler monkey -> jelly
  4053 | D:4      | Reached skill level 1 in Armour
  4435 | D:4      | XOM: polymorph howler monkey -> hound
  4604 | D:4      | XOM: medium Necr miscast
  4819 | D:5      | Entered Level 5 of the Dungeon
  4833 | D:5      | XOM: 2-stop teleportation journey
  4945 | D:5      | Noticed an ice beast
  4948 | D:5      | XOM: swap monsters
  4949 | D:5      | Noticed a human
  4949 | D:5      | an ice beast changed into a human
  4949 | D:5      | XOM: polymorph ice beast -> human
  4957 | D:5      | XOM: cast spell 'Summon Horrible Things'
  4960 | D:5      | Reached XP level 7. HP: 36/61 MP: 7/7
  4960 | D:5      | Killed a human
  5222 | D:5      | XOM: mild Erth miscast
  5290 | D:5      | XOM is BORED!
  5290 | D:5      | XOM: medium Summ miscast
  5291 | D:5      | Noticed a small abomination
  5291 | D:5      | Noticed a small abomination
  5536 | D:5      | Got a sparkling lead amulet
  5829 | D:5      | XOM: scenery: create altars
  5837 | D:5      | Reached XP level 8. HP: 71/71 MP: 8/8
  5838 | D:5      | XOM: medium Summ miscast
  5850 | D:5      | XOM: smoke on damage
  6023 | D:5      | XOM: medium Tmut miscast
  6265 | D:6      | Noticed Duvessa
  6267 | D:6      | Noticed Dowan
  6267 | D:6      | Killed Duvessa
  6267 | D:6      | Reached skill level 5 in Fighting
  6274 | D:6      | Killed Dowan
  6274 | D:6      | Reached skill level 5 in Throwing
  6285 | D:6      | XOM: potion effect (curing)
  6328 | D:6      | XOM: 2-stop teleportation journey
  6443 | D:6      | Found a staircase to the Ecumenical Temple.
  6513 | D:6      | XOM: torment (41/72 hp)
  6706 | D:6      | Noticed Edmund
  6708 | D:6      | XOM: repel stairs
  6735 | D:6      | Killed Edmund
  6737 | D:6      | XOM: stat loss: -1 Int (11/12)
  6756 | D:6      | Found a stormy altar of Qazlal.
  6832 | D:6      | XOM: severe Tloc miscast
  6833 | D:6      | XOM: confuse monster(s)
  6838 | D:6      | Reached skill level 5 in Short Blades
  6853 | D:6      | XOM: polymorph hound -> centaur
  6859 | D:6      | Reached XP level 9. HP: 47/80 MP: 9/9
  6926 | D:6      | XOM: stat loss: -1 Str (18/19)
  6955 | D:6      | XOM: noise
  7003 | D:6      | XOM is BORED!
  7003 | D:6      | XOM: mild Chrm miscast
  7367 | D:6      | XOM: give mutations
  7367 | D:6      | Gained mutation: Scrolls take you a little longer to read. [Xom's mischief]
  7367 | D:6      | Lost mutation: You are frail. (-10% HP) [Xom's mischief]
  7367 | D:6      | Gained mutation: You have very tough skin. (AC +2) [Xom's mischief]
  7367 | D:6      | Gained mutation: Scrolls take you longer to read. [Xom's mischief]
  7490 | D:7      | Noticed Menkaure
  7492 | D:7      | XOM: summons 4 friendly demons
  7498 | D:7      | XOM: noise
  7499 | D:7      | XOM: noise
  7512 | D:7      | XOM: chaos upgrade
  7516 | D:7      | XOM: potion effect (brilliance)
  7518 | D:7      | Found a shattered altar of Ashenzari.
  7525 | D:7      | Identified the amulet of Nommodar {Faith rF+ Int+2 Dex+3} (You took it off an orc on level 5 of the Dungeon)
  7528 | D:7      | XOM: potion effect (brilliance)
  7530 | D:7      | XOM: potion effect (curing)
  7549 | D:7      | XOM: divination: detect items
  7550 | D:7      | XOM: swap monsters
  7550 | D:7      | HP: 2/89 [gnoll shaman/whip (5)]
  7573 | D:7      | XOM: fake destruction
  7575 | D:7      | XOM: medium Erth miscast
  7577 | D:7      | Killed from afar by an orc priest

Vault maps used:
D:1:      dpeg_arrival_three_smaller_balls
D:2:      led_sif_pool, lemuel_crystal_altar, zin_academy, first_ration,
          uniq_natasha
D:3:      chequers_ecumenical_altar_simple
D:4:      serial_shops, shop_fountains, fedhas_altar_2
D:6:      nicolae_qazlal_eye_of_the_storm, minmay_temple_entry_enclosed_plants,
          uniq_duvessa, uniq_edmund
D:7:      nicolae_overflow_hidden_temple, ashenzari_conservatory_becter,
          eat_drink_and_be_merry_uskayaw, grunt_livestock, uniq_menkaure

Skill      XL: |  1  2  3  4  5  6  7  8 |
---------------+-------------------------+-----
Dodging        | 2 3 4 |  4.0
Short Blades   | 1 2 3 5 |  5.2
Fighting       | 3 4 5 |  5.8
Stealth        | 1 2 |  2.2
Axes           | 1 2 3 |  3.0
Armour         | 1 2 3 |  3.9
Throwing       | 5 |  5.6

Action                   |  1- 3 |  4- 6 |  7- 9 || total
-------------------------+-------+-------+-------++-------
Melee: Short sword       |   126 |    12 |       ||   138
       Hand axe          |       |    86 |       ||    86
       Headbutt          |       |    29 |    54 ||    83
       Dagger            |       |    59 |   267 ||   326
Throw: Large rock        |     3 |     5 |    22 ||    30
       Stone             |       |       |     4 ||     4
       Throwing net      |       |       |     5 ||     5
 Abil: Blink             |       |       |     3 ||     3
  Use: Scroll            |       |     7 |     6 ||    13
       Potion            |       |     2 |     8 ||    10
 Stab: Sleeping          |     2 |     1 |       ||     3
       Confused          |       |     2 |       ||     2
  Eat: Ration            |     2 |     2 |     3 ||     7
Armor: Robe              |    18 |     4 |       ||    22
       Pearl dragon scal |       |    74 |   139 ||   213
Dodge: Dodged            |    58 |    72 |   109 ||   239

Table legend:
 A = Spawn XP
 B = Non-spawn XP
 C = Spawn XP percentage of total XP
 D = Spawn monster count
 E = Non-spawn monster count
 F = Spawn count percentage of total count
 G = Total turns spent on level
                    A         B        C        D         E        F      G
               +---------+---------+-------+---------+---------+-------+---------
         Total |       0 |    2487 |   0.0 |       0 |     117 |   0.0 |  7577
               +---------+---------+-------+---------+---------+-------+---------
           D:1 |       0 |      24 |   0.0 |       0 |      12 |   0.0 |  1210
           D:2 |       0 |      90 |   0.0 |       0 |      19 |   0.0 |  1379
           D:3 |       0 |      15 |   0.0 |       0 |       9 |   0.0 |   670
           D:4 |       0 |     448 |   0.0 |       0 |      23 |   0.0 |  1560
           D:5 |       0 |     654 |   0.0 |       0 |      23 |   0.0 |  1390
           D:6 |       0 |    1228 |   0.0 |       0 |      29 |   0.0 |  1263
           D:7 |       0 |      28 |   0.0 |       0 |       2 |   0.0 |   105
               +---------+---------+-------+---------+---------+-------+---------
